 Dungeon Crawl Stone Soup version 0.14-a0-1721-g84c87b2 (webtiles) character file.

374 Kae the Ruffian (level 4, 0/35 HPs)
             Began as a Draconian Transmuter on Jan 2, 2014.
             Killed from afar by an orc wizard (18 damage)
             ... with an exploding inner flame
             ... on Level 3 of the Dungeon on Jan 3, 2014.
             The game lasted 00:04:24 (2280 turns).

Kae the Ruffian (Draconian Transmuter)              Turns: 2280, Time: 00:04:24

HP   0/35        AC  5     Str 13      XL: 4   Next: 91%
MP   7/7         EV 12     Int 13      God:
Gold 243         SH  0     Dex 12      Spells:  3 memorised,  1 level left

rFire  . . .     SeeInvis .       - Unarmed
rCold  . . .     Clarity  .     (armour unavailable)
rNeg   . . .     Conserve .     (no shield)
rPois  .         rCorr    .     (helmet restricted)
rElec  .         rRot     .     (no cloak)
SustAb . .       Spirit   .     (no gloves)
rMut   .         Warding  .     (no boots)
Saprov . . .     Stasis   .     (no amulet)
                                (no ring)
                                (no ring)

@: appendage (expiring), very slightly contaminated, slightly resistant to
hostile enchantments, unstealthy
A: unfitting armour, horns 2, AC +5
a: End Transformation


You were on level 3 of the Dungeon.
You were not hungry.
You had grown temporary horns.
You visited 1 branch of the dungeon, and saw 3 of its levels.

You collected 243 gold pieces.

Inventory:

Missiles
 b - 81 arrows
Comestibles
 a - a bread ration
 c - a meat ration
 f - an apple
Scrolls
 i - a scroll of immolation
 k - a scroll of noise {unknown}
 l - 2 scrolls of recharging {unknown}
 m - a scroll of identify {unknown}
 n - 2 scrolls of remove curse {unknown}
Jewellery
 p - an uncursed ring of magical power {unknown}
 s - an uncursed ring of protection from fire {unknown}
Potions
 e - a potion of flight {unknown}
 g - a potion of curing {unknown}
 o - a potion of might {unknown}
 q - a potion of poison {unknown}
 r - a potion of paralysis {unknown}
 t - a potion of cure mutation {unknown}
Books
 d - a book of Changes

   Spells                             Type                      Level
   *Beastly Appendage                 Transmutation                1
   *Sticks to Snakes                  Transmutation                2
   *Spider Form                       Transmutation/Poison         3
   Ice Form                           Ice/Transmutation            4
   Blade Hands                        Transmutation                5


   Skills:
 - Level 1.1 Fighting
 - Level 1.7 Dodging
 * Level 4.7 Unarmed Combat
 - Level 2.0 Spellcasting
 + Level 3.6 Transmutations


You had one spell level left.
You knew the following spells:

 Your Spells              Type           Power        Failure   Level  Hunger
a - Beastly Appendage     Trmt           ##....       8%          1    ##.....
b - Sticks to Snakes      Trmt           ##........   10%         2    ###....
c - Spider Form           Trmt/Pois      #.........   38%         3    ####...


Dungeon Overview and Level Annotations

Branches:
Dungeon (3/16)

Altars:


Innate Abilities, Weirdness & Mutations

Your plain brown scales are hard (AC +5).*
Your body does not fit into most forms of armour.
Your cold-blooded metabolism reacts poorly to cold.
You have a pair of horns on your head.*


Message History

You hit the orc wizard.
The orc wizard is heavily wounded.
The orc wizard is no longer moving quickly.
The orc wizard hits you with an orcish dagger.
You hit the orc wizard but do no damage.
You headbutt the orc wizard.
The orc wizard is severely wounded.
The orc wizard casts a spell at you. The puff of frost misses you.
You closely miss the orc wizard. You headbutt the orc wizard.
The orc wizard explodes!
The fiery explosion engulfs the orc.
The orc explodes!
The fiery explosion engulfs the orc.
The orc dies!
The fiery explosion engulfs you!
One of your 2 scrolls labeled IFIANLU TAPSI catches fire!
Your scroll labeled LEENGU PESI catches fire!
Ouch! That really hurt!
You die...

#.#.#.#.......
#.####
#.#.#.#..... #.#
#.#.#.#...# #.#
#.#o#.#.o.##.#
#.#
#o#.#oo.o....#
#.#
#.#.#§######.#
#.# #.# #§# #.#
... #§# #.# ...
#@# #.# ... #.#
.................
...............
.##.#..........
.. #.........g .
# #.......## #.#
......... #.# #
......... ... .


You could see 2 orcs.

Vanquished Creatures
  3 gnolls (D:2)
  4 adders
  A grey rat (D:1)
  2 giant geckos
  An ooze (D:2)
  A ball python (D:1)
  12 goblins
  8 hobgoblins (D:1)
  2 jackals (D:1)
  5 kobolds
  9 bats
  5 giant cockroaches
  A giant newt (D:1)
  7 rats (D:1)
61 creatures vanquished.

Vanquished Creatures (others)
  2 orcs (D:3)
2 creatures vanquished.

Grand Total: 63 creatures vanquished

Notes
Turn   | Place    | Note
--------------------------------------------------------------
     0 | D:1      | Kae, the Draconian Transmuter, began the quest for the Orb.
     0 | D:1      | Reached XP level 1. HP: 16/16 MP: 3/3
   130 | D:1      | Reached XP level 2. HP: 18/23 MP: 4/4
   658 | D:1      | Reached XP level 3. HP: 28/28 MP: 4/6
  1082 | D:1      | Reached skill level 4 in Unarmed Combat
  1434 | D:2      | Reached XP level 4. HP: 35/35 MP: 5/7
  1480 | D:2      | Learned a level 2 spell: Sticks to Snakes
  1484 | D:2      | Learned a level 3 spell: Spider Form
  2280 | D:3      | Killed from afar by an orc wizard

Action                   |  1- 3 |  4- 6 || total
-------------------------+-------+-------++-------
Melee: Unarmed           |   156 |    78 ||   234
 Cast: Beastly Appendage |     9 |     9 ||    18
  Use: Scroll            |       |     3 ||     3
 Stab: Sleeping          |     1 |       ||     1
